 Dungeon Crawl Stone Soup version 0.16.1-2-g95b8d4c (webtiles) character file.

7772 valak23 the Carver (level 11, -4/74 HPs)
             Began as a Human Fighter on Mar 24, 2015.
             Was a High Priest of Okawaru.
             Slain by an orc warrior
             ... wielding a +0 glaive
              (18 damage)
             ... on level 4 of the Orcish Mines.
             The game lasted 00:53:17 (14193 turns).

valak23 the Carver (Human Fighter)                 Turns: 14193, Time: 00:53:17

Health: -4/74      AC: 22    Str: 20    XL:     11   Next: 43%
Magic:  13/13      EV: 11    Int:  9    God:    Okawaru [*****.]
Gold:   1302       SH:  0    Dex: 12    Spells: 0 memorised, 10 levels left

rFire  . . .     SeeInvis +     t - +0 great sword
rCold  . . .     Clarity  .     C - +2 plate armour
rNeg   . . .     SustAb   .     (no shield)
rPois  .         Gourm    +     (no helmet)
rElec  .         Spirit   .     n - +0 cloak
rCorr  .         Warding  .     (no gloves)
rMut   .         Stasis   .     g - +0 pair of boots
MR     .....                    E - amulet of the gourmand
Stlth  ..........               h - ring of see invisible
                                x - +3 ring of evasion

@: not resistant to hostile enchantments, extremely unstealthy
A: icy blue scales 1, thin metallic scales 1, frail 1
a: Heroism, Finesse, Renounce Religion


You were on level 4 of the Orcish Mines.
You worshipped Okawaru.
Okawaru was extremely pleased with you.
You were completely stuffed.

You visited 3 branches of the dungeon, and saw 14 of its levels.

You collected 1302 gold pieces.

Inventory:

Hand weapons
 t - a +0 great sword (weapon)
 I - a +3 falchion
Missiles
 k - 3 javelins of penetration
 o - 13 tomahawks of returning
 L - a throwing net (quivered)
Armour
 c - a +0 shield
 g - a +0 pair of boots (worn)
 j - a +0 robe of magic resistance
 n - a +0 cloak (worn)
 C - a +2 plate armour (worn)
Jewellery
 h - a ring of see invisible (right hand)
 x - a +3 ring of evasion (left hand)
 A - a +2 ring of dexterity
 D - an uncursed ring of see invisible
 E - an amulet of the gourmand (around neck)
Magical devices
 b - a wand of digging (0)
 d - a wand of slowing (30)
 i - a wand of random effects (26)
 l - a wand of cold (9)
 q - a wand of paralysis (21)
 v - a wand of frost (37)
 G - a wand of paralysis (9)
 H - a wand of polymorph (7)
 M - a wand of digging (14)
Scrolls
 m - 3 scrolls of remove curse
 u - a scroll of teleportation
 B - a scroll of recharging
Potions
 e - 2 potions of brilliance
 p - a potion of ambrosia
 s - a potion of might
 K - a potion of restore abilities
Books
 a - a Fen Folio

   Spells                             Type                      Level
   a - Corpse Rot                     Necromancy                   2
   b - Stone Arrow                    Conjuration/Earth            3
   c - Leda's Liquefaction            Hexes/Earth                  4
   d - Summon Forest                  Summoning/Translocation      5
   e - Hydra Form                     Transmutation                6
   f - Summon Hydra                   Summoning                    7
 r - a book of Minor Magic

   Spells                             Type                      Level
   a - Magic Dart                     Conjuration                  1
   b - Blink                          Translocation                2
   c - Call Imp                       Summoning                    2
   d - Repel Missiles                 Charms/Air                   2
   e - Slow                           Hexes                        2
   f - Conjure Flame                  Conjuration/Fire             3
   g - Mephitic Cloud                 Conjuration/Poison/Air       3
 w - a book of Debilitation

   Spells                             Type                      Level
   a - Corona                         Hexes                        1
   b - Slow                           Hexes                        2
   c - Inner Flame                    Hexes/Fire                   3
   d - Enslavement                    Hexes                        4
   e - Cause Fear                     Hexes                        4
   f - Leda's Liquefaction            Hexes/Earth                  4
Comestibles
 f - 4 beef jerkies
 F - 2 slices of pizza


   Skills:
 + Level 6.5 Fighting
 * Level 9.7 Long Blades
 * Level 9.5 Armour
 + Level 4.1 Dodging
 - Level 8.7 Shields
 + Level 1.4 Invocations
 + Level 0.4 Evocations


You had 10 spell levels left.
You didn't know any spells.

Dungeon Overview and Level Annotations

Branches:
Dungeon (9/15)             Temple (1/1) D:4            Lair (0/8) D:8
    Orc (4/4) D:9             Elf (0/3) Orc:3

Altars:
Ashenzari
Cheibriados
Elyvilon
Fedhas
Gozag
Kikubaaqudgha
Makhleb
Nemelex Xobeh
Okawaru
Qazlal
Ru
Sif Muna
Trog
Xom
Yredelemnul
Zin
The Shining One
Beogh

Shops:
Orc:3 (   Orc:4 %

Annotations:
D:9 1 exclusion


Innate Abilities, Weirdness & Mutations

You are partially covered in icy blue scales (AC +1).
You are partially covered in thin metallic scales (AC +2).
You are frail (-10% HP).


Message History

You are too injured to fight recklessly!
You are too injured to fight recklessly!
You are too injured to fight recklessly!
You are too injured to fight recklessly!
You are too injured to fight recklessly!
You are too injured to fight recklessly!
You hit the orc warrior but do no damage.
The orc warrior is moderately wounded.
You feel sick. The orc warrior misses you.
Your plate armour prevents you from hitting the orc warrior.
The orc warrior is moderately wounded.
You hit the orc warrior.
The orc warrior is heavily wounded.
The orc warrior barely misses you.
You closely miss the orc warrior.
The orc warrior is heavily wounded.
You feel sick.
You are no longer poisoned.
The orc warrior hits you with a glaive!!
You die...

......................
......................
...$...................
.....................##
.....................##
.........$...........#
....................##
........)............#
........@).........8.+
.....##o##...........+
... #.. ##........8.+
#... #..........# #..8
#..........## #.._
#...........# ##..
##...........## ###
#.............##
................


You could see an orc warrior.

Vanquished Creatures
  An orc knight (Orc:4)
  2 trolls
  8 wargs
  A water moccasin (D:9)
  Edmund (D:4)
  2 sky beasts
  10 ogres
  13 orc warriors
  A phantom (D:4)
  4 centaurs
  Sigmund (D:4)
  3 giant frogs
  2 big kobolds (D:8)
  Blork the orc (D:4)
  3 scorpions
  5 killer bees (D:8)
  A centaur zombie (D:6)
  A crimson imp (D:8)
  2 jellies
  16 orc priests
  21 orc wizards
  A quasit (D:8)
  3 centaur skeletons
  A giant frog skeleton (D:5)
  A gnoll shaman (D:8)
  5 hounds
  3 iguanas
  7 worker ants
  Ijyb (D:4)
  A mummy (D:8)
  2 hound skeletons
  2 hound zombies
  3 gnolls
  11 adders
  4 giant mites
  A worm (D:2)
  3 giant geckos
  112 orcs
  A ball python (D:2)
  18 bats
  6 giant cockroaches
  11 goblins
  24 hobgoblins
  10 jackals
  2 quokkas
  A giant gecko skeleton (D:4)
  4 giant newts
  23 kobolds
  A quokka skeleton (D:9)
  14 rats
  7 ballistomycetes
382 creatures vanquished.

Vanquished Creatures (others)
  An orc (D:4)
  3 giant spores
4 creatures vanquished.

Grand Total: 386 creatures vanquished

Notes
Turn   | Place    | Note
--------------------------------------------------------------
     0 | D:1      | valak23, the Human Fighter, began the quest for the Orb.
     0 | D:1      | Reached XP level 1. HP: 18/18 MP: 1/1
   195 | D:1      | Reached XP level 2. HP: 21/24 MP: 2/2
   746 | D:1      | Reached XP level 3. HP: 27/29 MP: 3/3
  1166 | D:2      | Found a bloodstained altar of Trog.
  1192 | D:2      | Reached skill level 4 in Armour
  1192 | D:2      | Reached XP level 4. HP: 19/35 MP: 4/4
  1357 | D:2      | Reached skill level 1 in Dodging
  1723 | D:3      | Reached XP level 5. HP: 30/41 MP: 5/5
  1889 | D:3      | HP: 2/41 [orc/trident (4)]
  2310 | D:3      | Found an opulent altar of Gozag.
  2793 | D:4      | Found an iron altar of Okawaru.
  2801 | D:4      | Became a worshipper of Warmaster Okawaru
  2823 | D:4      | Noticed Blork the orc
  3383 | D:4      | Reached XP level 6. HP: 47/47 MP: 6/6
  3625 | D:4      | Killed Blork the orc
  3663 | D:4      | Noticed a phantom
  3706 | D:4      | Killed a phantom
  3706 | D:4      | Reached skill level 5 in Armour
  3706 | D:4      | Reached XP level 7. HP: 18/52 MP: 7/7
  3932 | D:4      | Noticed Sigmund
  3963 | D:4      | Killed Sigmund
  4021 | D:4      | Acquired Okawaru's first power
  4152 | D:4      | Noticed Edmund
  4177 | D:4      | Killed Edmund
  4382 | D:4      | Noticed Ijyb
  4400 | D:4      | Killed Ijyb
  4522 | D:4      | Found a staircase to the Ecumenical Temple.
  4542 | Temple   | Entered the Ecumenical Temple
  4813 | D:4      | Reached XP level 8. HP: 60/60 MP: 8/8
  5040 | D:5      | Entered Level 5 of the Dungeon
  5155 | D:5      | Reached skill level 6 in Armour
  5422 | D:5      | Reached skill level 5 in Long Blades
  6007 | D:6      | Reached skill level 5 in Shields
  6356 | D:6      | Reached XP level 9. HP: 33/66 MP: 9/9
  7100 | D:7      | Reached skill level 7 in Armour
  7221 | D:7      | Found a glowing golden altar of the Shining One.
  7549 | D:8      | Gained mutation: You are partially covered in icy blue scales (AC +1). [potion of mutation]
  7549 | D:8      | Gained mutation: You are partially covered in thin metallic scales (AC +2). [potion of mutation]
  7673 | D:9      | Reached skill level 5 in Fighting
  8324 | D:8      | Found a staircase to the Lair.
  8389 | D:8      | Reached XP level 10. HP: 60/74 MP: 11/11
  8996 | D:8      | Reached skill level 8 in Long Blades
  9325 | D:9      | Gained mutation: You are frail (-10% HP). [mutagenic meat]
  9917 | D:9      | Found a staircase to the Orcish Mines.
 10344 | D:9      | Found a white marble altar of Elyvilon.
 10377 | D:9      | Acquired Okawaru's second power
 10478 | Orc:1    | Entered Level 1 of the Orcish Mines
 11452 | Orc:2    | Received a gift from Okawaru
 11452 | Orc:2    | Reached skill level 9 in Long Blades
 12007 | Orc:3    | Reached XP level 11. HP: 56/72 MP: 12/12
 12216 | Orc:3    | Found a burning altar of Makhleb.
 12230 | Orc:3    | Found Bivooj's Antique Weapon Boutique.
 12534 | Orc:3    | Found a staircase to the Elven Halls.
 13104 | Orc:4    | Entered Level 4 of the Orcish Mines
 13157 | Orc:4    | Found a roughly hewn altar of Beogh.
 13157 | Orc:4    | Found Feclim's Food Shop.
 13210 | Orc:4    | Reached skill level 1 in Invocations
 13513 | Orc:4    | Found a roughly hewn altar of Beogh.
 13802 | Orc:4    | Found a roughly hewn altar of Beogh.
 13970 | Orc:4    | Noticed an orc knight
 14021 | Orc:4    | Killed an orc knight
 14188 | Orc:4    | Found a roughly hewn altar of Beogh.
 14193 | Orc:4    | Slain by an orc warrior

Action                   |  1- 3 |  4- 6 |  7- 9 | 10-12 || total
-------------------------+-------+-------+-------+-------++-------
Melee: Long sword        |   112 |   221 |   728 |       ||  1061
       Falchion          |       |       |       |   816 ||   816
       Great sword       |       |       |       |    39 ||    39
Throw: Javelin           |       |       |       |     1 ||     1
Invok: Heroism           |       |       |     4 |     2 ||     6
       Finesse           |       |       |       |     1 ||     1
Evoke: Wand              |       |       |       |     9 ||     9
  Use: Potion            |     2 |     4 |     8 |     2 ||    16
       Scroll            |     1 |     6 |    10 |     7 ||    24
  Eat: Bread ration      |     1 |     1 |     3 |       ||     5
       Beef jerky        |       |     1 |     1 |       ||     2
       Pizza             |       |       |     1 |       ||     1
       Chunk             |       |       |       |     8 ||     8
       Meat ration       |       |       |       |     4 ||     4
       Royal jelly       |       |       |       |     1 ||     1
